 Seeded DCSS version 0.28-a0-1235-g7c8fac35f0 (webtiles) character file.

Game seed: 20211225 (custom seed)

13040 a11behringer the Severer (level 11, 0/97 HPs)
             Began as a Minotaur Berserker on Dec 25, 2021.
             Was a High Priest of Trog.
             Slain by an ice beast (14 damage)
             ... summoned by an ice statue
             ... in an ice cave.
             The game lasted 00:33:33 (11034 turns).

a11behringer the Severer (Minotaur Berserker)      Turns: 11034, Time: 00:33:34

Health: 0/97       AC: 42    Str: 26    XL:     11   Next: 70%
Magic:  10/10      EV: 10    Int:  4    God:    Trog [*****.]
Gold:   921        SH:  0    Dex: 10    Spells: 10/10 levels left

rFire   . . .      SeeInvis .   d - +2 battleaxe (flame)
rCold   . . .      Faith    .   (shield currently unavailable)
rNeg    . . .      Spirit   .   P - +27 Lear's hauberk
rPois   .          Reflect  .   (helmet currently unavailable)
rElec   .          Harm     .   V - +2 cloak
rCorr   .          Rampage  .   (gloves currently unavailable)
Will    +....                   (boots currently unavailable)
Stlth   ..........              (no amulet)
HPRegen 0.26/turn               B - ring of willpower
MPRegen 0.12/turn               R - ring of flight

@: flying
A: horns 2, retaliatory headbutt
a: Renounce Religion, Berserk, Trog's Hand, Brothers in Arms


You were in an ice cave.
You worshipped Trog.
Trog was extremely pleased with you.
You visited 1 branch of the dungeon, and saw 11 of its levels.
You also visited: Sewer and Ice Cave.

You collected 921 gold pieces.

Inventory:

Hand Weapons
 a - a +5 hand axe
 d - a +2 battleaxe of flaming (weapon)
 m - a +1 trident of venom
 u - a +0 hand crossbow of freezing
 v - a +2 whip of electrocution
 y - a +2 vorpal hand axe
Missiles
 o - 5 throwing nets
 t - a curare-tipped dart (quivered)
 w - 115 bolts
Armour
 c - a +2 leather armour of fire resistance
 p - a +0 pair of gloves
 s - a +2 pair of boots
 F - a +0 plate armour
 J - a +0 buckler
 P - the +27 Lear's hauberk (worn)
   (You found it on level 8 of the Dungeon)
 V - a +2 cloak (worn)
Jewellery
 e - a ring of willpower
 B - a ring of willpower (left hand)
 N - a ring of magical power
 R - a ring of flight (right hand)
 T - a +6 ring of intelligence
Wands
 i - a wand of flame (21)
 x - a wand of polymorph (8)
 A - a wand of paralysis (21)
Scrolls
 f - a scroll of enchant weapon
 k - 6 scrolls of teleportation
 n - a scroll of magic mapping
 D - 2 scrolls of immolation
 I - a scroll of acquirement
 O - 3 scrolls of amnesia
 Q - 2 scrolls of noise
Potions
 g - a potion of magic {unknown}
 j - 2 potions of cancellation
 q - 2 potions of heal wounds
 r - 4 potions of mutation
 z - 3 potions of berserk rage
 C - 3 potions of attraction
 G - a potion of might {unknown}
 K - a potion of flight {unknown}
 L - a potion of haste {unknown}
 S - a potion of ambrosia


   Skills:
 + Level 9.4 Fighting
 * Level 15.8 Axes
 - Level 7.0 Crossbows
 * Level 10.8 Armour
 + Level 4.7 Dodging


You had 10 spell levels left.
You didn't know any spells.
Your spell library was empty.

Dungeon Overview and Level Annotations

Branches:
Dungeon (11/15)            Temple (0/1) D:4            Lair (0/6) D:10
  Sewer (visited)           IceCv (1/1)
    Orc: D:9-12

Altars:
Uskayaw
Xom
Beogh

Shops:
D:2 *

Annotations:
D:9 2 transporters, tnor's ghost, journeyman HOWn IceCv exclusion: 2 ice statues


Innate Abilities, Weirdness & Mutations

You have a pair of horns on your head.
You reflexively headbutt those who attack you in melee.


Message History

The ice beast is almost dead.
You closely miss the ice beast. The ice beast closely misses you.
The ice beast hits you but does no damage.
You slice the ice beast!!
You melt the ice beast.
You kill the ice beast!
The ice beast disappears in a puff of smoke!
You slash the ice beast!
You melt the ice beast.
You kill the ice beast!
The ice beast disappears in a puff of smoke!
You slash the ice beast!
You melt the ice beast.
The ice beast completely misses you.
The ice beast hits you but does no damage.
The ice beast closely misses you.
You hit the ice beast.
You melt the ice beast.
The ice beast is moderately wounded.
You slash the ice beast!
You melt the ice beast.
You kill the ice beast!
The ice beast disappears in a puff of smoke!
The ice beast hits you but does no damage.
You slice the ice beast!!
You melt the ice beast.
You kill the ice beast!
The ice beast disappears in a puff of smoke!
The ice statue gestures at you. The bolt of cold hits you!!
The ice statue gestures at you.
The shard of ice hits you but does no damage.
The ice statue gestures.
The ice statue gestures at you.
The freezing blast engulfs you but does no damage.
The ice statue gestures at you.
The freezing blast engulfs the ice beast.
The ice beast completely resists.
The ice beast closely misses you.
You are engulfed in freezing vapours.
The ice statue gestures at you. The bolt of cold hits you!!
* * * LOW HITPOINT WARNING * * *
The bolt of cold hits the ice beast.
The ice beast completely resists.
The ice beast hits you.
* * * LOW HITPOINT WARNING * * *
The ice beast freezes you!
You die... #.......# ....... ..Z..
YZu

##8##
##☼..##
##°☼☼§§##
#8@Y☼...#
#§☼○§.§.#
#☼☼○☼...#
#☼§☼..§.#
#.......#
####.####
#.(...[[#
#)......#
#......)#


You could see 2 ice statues, a white ugly thing, an ice beast (summoned), a dire
elephant simulacrum and a harpy simulacrum.

Vanquished Creatures
  Harold (D:8)
  A two-headed ogre (D:9)
  3 death yaks (D:10)
  A tengu warrior (D:8)
  Maurice (D:10)
  An ice statue (IceCv)
  A freezing wraith (IceCv)
  A komodo dragon (D:10)
  A troll (D:11)
  A hornet (D:11)
  3 slime creatures (D:8)
  A shadow (D:10)
  2 wyverns
  11 yaks
  A death yak simulacrum (IceCv)
  A water moccasin (D:7)
  Duvessa (D:7)
  5 orc warriors
  3 centaurs
  2 phantoms
  4 kobold brigands
  3 bullfrogs
  A wyvern zombie (D:7)
  2 scorpions (D:5)
  A cane toad simulacrum (IceCv)
  A wyvern skeleton (D:6)
  Dowan (D:7)
  An elephant simulacrum (IceCv)
  18 killer bees
  4 wights (D:9)
  A bullfrog zombie (D:6)
  9 orc priests
  4 centaur zombies
  3 bullfrog skeletons
  2 jellies
  Crazy Yiuf (D:7)
  A gnoll shaman (D:9)
  A hound (D:4)
  A centaur skeleton (D:7)
  2 iguanas
  10 orc wizards
  2 wolf simulacra (IceCv)
  A killer bee zombie (D:9)
  A hound skeleton (D:4)
  A howler monkey zombie (D:5)
  Robin (D:2)
  A howler monkey skeleton (D:5)
  7 adders
  10 gnolls
  A howler monkey simulacrum (D:11)
  An ufetubus (D:7)
  2 worms
  3 dart slugs
  72 orcs
  7 endoplasms
  4 giant cockroaches
  9 goblins
  10 hobgoblins
  10 jackals
  11 ball pythons
  9 bats
  4 frilled lizards
  34 kobolds
  A quokka skeleton (D:4)
  11 rats
326 creatures vanquished.

Vanquished Creatures (others)
  3 fungi (D:7)
  A plant (D:2)
4 creatures vanquished.

Grand Total: 330 creatures vanquished

Notes
Turn   | Place    | Note
-------+----------+-------------------------------------------
     0 | D:1      | a11behringer the Minotaur Berserker began the quest for the
                  | Orb.
     0 | D:1      | Reached XP level 1. HP: 19/19 MP: 0/0
   541 | D:1      | Reached XP level 2. HP: 27/27 MP: 1/1
   543 | D:1      | Reached skill level 4 in Axes
   609 | D:1      | You fall into a shaft and drop 1 floor!
   968 | D:2      | Found Cimpugum's General Store.
   977 | D:2      | Noticed Robin
   983 | D:2      | Reached ** piety under Trog
   984 | D:2      | Reached XP level 3. HP: 33/33 MP: 2/2
   988 | D:2      | Killed Robin
  1090 | D:1      | Reached skill level 5 in Axes
  1435 | D:2      | Found a faded altar of an unknown god.
  1453 | D:2      | Reached XP level 4. HP: 29/40 MP: 3/3
  1922 | D:2      | Found a hide-covered altar of Uskayaw.
  2130 | D:3      | Reached skill level 6 in Axes
  2130 | D:3      | Reached XP level 5. HP: 23/47 MP: 4/4
  2157 | D:3      | Reached *** piety under Trog
  2372 | D:3      | Found a glowing drain.
  2390 | Sewer    | Entered a sewer
  2459 | Sewer    | Reached skill level 7 in Axes
  2459 | Sewer    | Reached XP level 6. HP: 53/53 MP: 5/5
  2744 | Sewer    | Reached **** piety under Trog
  2912 | D:3      | Found a shimmering altar of Xom.
  2931 | D:3      | Found a shimmering altar of Xom.
  2933 | D:3      | Found a shimmering altar of Xom.
  2933 | D:3      | Found a shimmering altar of Xom.
  2935 | D:3      | Found a shimmering altar of Xom.
  2935 | D:3      | Found a shimmering altar of Xom.
  2937 | D:3      | Found a shimmering altar of Xom.
  3684 | D:4      | Reached skill level 5 in Fighting
  3691 | D:4      | Reached skill level 8 in Axes
  3784 | D:4      | Reached XP level 7. HP: 56/61 MP: 6/6
  3857 | D:4      | Found a staircase to the Ecumenical Temple.
  4269 | D:5      | Entered Level 5 of the Dungeon
  4295 | D:5      | Reached skill level 1 in Crossbows
  4301 | D:5      | Reached skill level 9 in Axes
  4870 | D:6      | Identified the -3 helmet "Jagun" {rF+ Str+2}
  4975 | D:6      | Reached XP level 8. HP: 54/69 MP: 7/7
  5434 | D:6      | Reached skill level 10 in Axes
  5928 | D:7      | Noticed Duvessa
  5928 | D:7      | Noticed Dowan
  5935 | D:7      | Killed Dowan
  5936 | D:7      | Reached skill level 5 in Armour
  5939 | D:7      | Killed Duvessa
  6189 | D:7      | Reached skill level 11 in Axes
  6199 | D:7      | Reached XP level 9. HP: 75/75 MP: 8/8
  6308 | D:7      | Identified the +7 hunting sling of Shrieking Guilt {venom,
                  | Fragile rPois Will++ Int+3}
  6857 | D:7      | Found a runed translucent door.
  6858 | D:7      | Noticed Crazy Yiuf
  6864 | D:7      | Killed Crazy Yiuf
  6894 | D:8      | Identified a scroll of acquirement
  6929 | D:8      | Reached skill level 12 in Axes
  7466 | D:8      | Reached skill level 5 in Crossbows
  7615 | D:8      | Noticed Harold
  7637 | D:8      | Killed Harold
  7643 | D:8      | HP: 2/79 [poisoned by Harold]
  7878 | D:8      | Reached XP level 10. HP: 71/86 MP: 9/9
  8040 | D:8      | Noticed a tengu warrior
  8052 | D:8      | Killed a tengu warrior
  8053 | D:8      | Reached skill level 13 in Axes
  8121 | D:8      | Found the +27 Lear's hauberk
  8691 | D:9      | Noticed a two-headed ogre
  8705 | D:9      | Killed a two-headed ogre
  8786 | D:9      | Noticed tnor's ghost (journeyman HOWn)
  9470 | D:9      | Found a transporter.
  9470 | D:9      | Found a transporter.
  9472 | D:9      | Identified the +9 great mace "Qar Lupt" {spect, *Slow
                  | Fragile rN+++ Stlth+}
  9472 | D:9      | Identified the +1 dire flail of Crawling {vorpal, rPois
                  | SInv}
  9472 | D:9      | Noticed a two-headed ogre
  9472 | D:9      | Noticed a two-headed ogre
  9490 | D:9      | Noticed a two-headed ogre
  9491 | D:9      | Noticed a two-headed ogre
  9734 | D:10     | Entered Level 10 of the Dungeon
  9749 | D:10     | Reached skill level 14 in Axes
  9779 | D:10     | Noticed a death yak
  9779 | D:10     | Noticed a death yak
  9780 | D:10     | Found a staircase to the Lair.
  9780 | D:10     | Noticed a death yak
  9795 | D:10     | Killed a death yak
  9800 | D:10     | Killed a death yak
  9804 | D:10     | Reached XP level 11. HP: 95/95 MP: 10/10
  9806 | D:10     | Killed a death yak
 10046 | D:10     | Reached ***** piety under Trog
 10198 | D:10     | Noticed Maurice
 10214 | D:10     | Killed Maurice
 10215 | D:10     | Reached skill level 15 in Axes
 10443 | D:10     | Reached skill level 10 in Armour
 10912 | D:11     | Received a gift from Trog
 10967 | D:11     | Found a frozen archway.
 10973 | D:11     | Noticed a two-headed ogre
 10976 | IceCv    | Entered an ice cave
 10990 | IceCv    | Identified the +3 hunting sling "Gyliyl" {vorpal, rPois
                  | Dex+2}
 11020 | IceCv    | Noticed a white ugly thing
 11034 | IceCv    | Slain by an ice beast

Illustrated notes

Levels and vault maps discovered:
D:1:      minmay_arrival_widening_spiral_wide, layout_basic
D:2:      layout_loops_ring, serial_shops, shop_statue, basic_altar,
          chequers_ecumenical_altar_lobes, uniq_robin
D:3:      minmay_bubble_buster, layout_basic, nicolae_xom_altar_mimics,
          portal_sewer_entry_a
D:4:      layout_cave_pools, temple_green, serial_bayou_pond_b
D:5:      layout_cave_pools
D:6:      layout_basic, serial_park_tiny_1
D:7:      layout_basic, serial_co_window_serial, co_window_paths_a,
          co_window_of_opportunity_a, co_window_paths_a,
          co_window_of_opportunity_a, co_window_paths_a, co_window_broadway_b,
          co_window_corner_cb, co_window_broadway_a, co_window_paths_d,
          glass_columns_a, glass_columns_a, glass_columns_a, glass_columns_c,
          uniq_crazy_yiuf_cottage, uniq_duvessa
D:8:      layout_basic, hellmonk_guarded_unrand_lears, uniq_harold
D:9:      layout_loops_corners, gammafunk_ghost_smash, grunt_ministairs_4,
          minmay_misc_feat_rugged
D:10:     layout_roguey [special_room_orc], dpeg_lair_monsters, uniq_maurice
D:11:     layout_cave_pools, portal_ice_cave_entry_pillars_2, minmay_microvault
IceCv:    ice_cave_statue_garden_chambered

Skill      XL: |  1  2  3  4  5  6  7  8  9 10 11 |
---------------+----------------------------------+-----
Axes           | 4 5 6 7 8 9 11 12 14 15 | 15.8
Fighting       | 4 5 6 7 8 9 |  9.4
Armour         | 3 4 5 7 9 10 | 10.8
Dodging        | 3 4 |  4.7
Crossbows      | 2 3 5 6 7 |  7.0

Action                   |  1- 3 |  4- 6 |  7- 9 | 10-12 || total
-------------------------+-------+-------+-------+-------++-------
Melee: Hand axe          |    64 |   184 |   277 |   282 ||   807
       Headbutt          |     5 |    27 |    70 |    62 ||   164
       Battleaxe         |       |       |       |    23 ||    23
Invok: Berserk           |     1 |     4 |     4 |     4 ||    13
       Trog's Hand       |       |     2 |     4 |     2 ||     8
  Use: Scroll            |       |     7 |     5 |     6 ||    18
       Potion            |       |     1 |     3 |       ||     4
 Stab: Invisible         |       |       |     1 |       ||     1
Armor: Leather armour    |    12 |    75 |       |       ||    87
       Chain mail        |       |     7 |    77 |   184 ||   268
       Plate armour      |       |       |    93 |     9 ||   102
Dodge: Dodged            |    30 |   104 |   115 |   109 ||   358

Table legend: (Time is in decaauts)
 A = Elapsed time spent in this place.
 B = Non-inter-level travel time spent in this place.
 C = Inter-level travel time spent in this place.
 D = Time resting spent in this place.
 E = Time spent auto-exploring this place.
 F = Levels seen in this place.
 G = Mean time per level.
                   A        B        C        D        E       F      G
               +--------+--------+--------+--------+--------+-----+--------+
         Total |  10993 |   9904 |   1089 |      0 |   8356 |  13 |  845.6 |
       Dungeon |  10476 |   9387 |   1089 |      0 |   8008 |  11 |  952.4 |
         Sewer |    461 |    461 |      0 |      0 |    348 |   1 |  461.0 |
      Ice Cave |     56 |     56 |      0 |      0 |      0 |   1 |   56.0 |
               +--------+--------+--------+--------+--------+-----+--------+

Top non-repeatable levels by time:
     D:9: 1408 daAuts
     D:8: 1399 daAuts
     D:3: 1151 daAuts
     D:6: 1060 daAuts
    D:10: 1025 daAuts
     D:2: 1012 daAuts
     D:1: 960 daAuts
     D:7: 954 daAuts
     D:4: 741 daAuts
     D:5: 596 daAuts
   Sewer: 461 daAuts
    D:11: 163 daAuts
   IceCv: 56 daAuts
